AoeStats
← old f1sh

Black Forest

509163019Analyzed
4v4 RM · 7d ago on Sep 25, 2026· 38m 31s· 8 players
Game mode
Random Map
Map size
Large (8 player)
Population
200
Speed
Normal
Resources
Standard
Victory
Conquest
Starting age
Dark Age
Ending age
Imperial Age
RankedLock teamsTeams togetherTeam positionsShared explorationLock speedFull tech treeHidden civsTurbo modeCheats
Victory
Defeat
🇨🇳 Burgundians · China
1633
+13
🇪🇸 Romans · Spain
1513
+18
🇨🇳 Britons · China
1505
+18
🇨🇳 Turks · China
1451
+22
🇷🇸 Khmer · Serbia
1660
-21
🇭🇷 Varangians · Croatia
1609
-20
🇸🇮 Italians · Slovenia
1490
-15
🇧🇦 Mongols · Bosnia & Herzegovina
1488
-15
超级硬邦邦
0:50 Loom
10:59 Feudal Age
14:27 Fletching
old f1sh
3:34 Double-Bit Axe
10:26 Feudal Age
14:31 Castle Age
13:24 Bow Saw
13:22 Horse Collar
18:10 Wheelbarrow
20:24 Gold Mining
20:41 Heavy Plow
25:31 Imperial Age
24:07 Hand Cart
24:51 Padded Archer Armor
26:01 Leather Archer Armor
26:11 Guilds
27:27 Chemistry
V我50%匡扶汉室
3:09 Loom
12:59 Feudal Age
16:58 Castle Age
15:41 Horse Collar
15:49 Double-Bit Axe
28:46 Gold Mining
29:13 Bow Saw
29:11 Heavy Plow
34:21 Imperial Age
Garabatov
0:36 Loom
10:40 Feudal Age
10:54 Man-at-Arms
14:03 Scale Mail Armor
13:46 Horse Collar
16:59 Wheelbarrow
25:05 Castle Age
24:17 Forging
24:22 Gold Mining
26:10 Chain Mail Armor
25:27 Long Swordsman
26:07 Squires
27:39 Double-Bit Axe
36:33 Iron Casting
36:39 Hand Cart
36:15 Town Watch
38:32 Town Patrol
SaleMajstor
0:52 Loom
9:58 Feudal Age
10:40 Man-at-Arms
16:35 Horse Collar
16:41 Double-Bit Axe
23:47 Castle Age
22:02 Fletching
25:14 Bodkin Arrow
25:34 Bow Saw
30:16 Padded Archer Armor
33:53 Imperial Age
32:18 Bloodlines
32:57 Ballistics
32:43 Husbandry
33:34 Thumb Ring
dejan
0:46 Loom
11:59 Feudal Age
20:44 Double-Bit Axe
32:13 Fletching
Tomo Žeznati
10:08 Feudal Age
13:43 Castle Age
11:33 Double-Bit Axe
12:02 Horse Collar
14:47 Heavy Plow
15:02 Bow Saw
18:31 Wheelbarrow
23:38 Scale Mail Armor
25:15 Loom
28:29 Imperial Age
26:26 Squires
26:50 Gold Mining
28:11 Chain Mail Armor
28:07 Forging
27:45 Arson
27:56 Gambesons
28:35 Onager
30:15 Plate Mail Armor
30:17 Elite Varangian Guard
31:49 Heavy Mounted Crossbowman
32:21 Fletching
33:33 Chemistry
33:28 Bodkin Arrow
Ceki
11:54 Feudal Age
14:54 Castle Age
13:01 Double-Bit Axe
14:16 Gold Mining
15:53 Bow Saw
25:51 Wheelbarrow
25:16 Stone Mining
26:25 Horse Collar
27:52 Gold Shaft Mining
27:52 Stone Shaft Mining
27:34 Hand Cart
33:23 Imperial Age
33:24 Heavy Scorpion
33:24 Capped Ram
34:24 Siege Ram
36:35 Ballistics
37:15 Chemistry
37:23 Chemistry
Connection lost

Rejoining the realm…

Still unreachable

The connection could not be restored.

Session expired

The server has moved on; the page needs a fresh start.